 Dungeon Crawl Stone Soup version 0.31.0-12-g77e489cdc1 (webtiles) character file.

Game seed: 17193335448470745804

4982 Gadfly the Basher (level 10, -1/159 HPs)
             Began as an Oni Berserker on Feb 24, 2024.
             Was a High Priest of Trog.
             Slain by Erica
             ... wielding a +2 scimitar of flaming
              (13 damage)
             ... on level 8 of the Dungeon.
             The game lasted 00:11:27 (8486 turns).

Gadfly the Basher (Oni Berserker)                   Turns: 8486, Time: 00:11:28

Health: -1/159     AC: 13    Str: 31    XL:     10   Next: 53%
Magic:  10/10      EV: 10    Int: 11    God:    Trog [*****.]
Gold:   1125       SH:  0    Dex: 10    Spells: 9/9 levels left

rFire   . . .        a - +2 morningstar (freeze)
rCold   . . .        (no shield)
rNeg    . . .        s - +0 steam dragon scales
rPois   .            m - +2 hat {Int+3}
rElec   .            (no cloak)
rCorr   .            (gloves unavailable)
SInv    .            (boots unavailable)
Will    +....        (no amulet) Stlth
                     z - +6 ring of strength
HPRegen 0.46/turn    (no ring)
MPRegen 0.12/turn

%: no passive effects
@: berserking, very quick
A: large, unfitting armour, horns 1, tough skin 1, double potion healing,
drunken brawling, iridescent scales 2
a: Renounce Religion, Berserk, Trog's Hand, Brothers in Arms


You were on level 8 of the Dungeon.
You worshipped Trog.
Trog was extremely pleased with you.
You visited 1 branch of the dungeon, and saw 8 of its levels.
You also visited: Ossuary.

You collected 1125 gold pieces.

Inventory:

Hand Weapons
 a - a +2 morningstar of freezing (weapon)
 b - a +4 flail
 j - a +1 mace
 o - a +0 short sword of draining
 v - a +0 flail of flaming
Armour
 m - a +2 hat of intelligence (worn)
 s - +0 steam dragon scales (worn)
Jewellery
 n - a ring of ice
 u - a ring of fire
 z - a +6 ring of strength (left hand)
Wands
 d - a wand of polymorph (6)
 k - a wand of flame (4) (quivered)
 w - a wand of roots (24)
 y - a wand of paralysis (13)
Scrolls
 h - a scroll of poison
 i - 3 scrolls of vulnerability
 p - 2 scrolls of teleportation
 q - 3 scrolls of enchant armour
 r - 4 scrolls of enchant weapon
Potions
 c - a potion of might
 e - a potion of curing
 f - 3 potions of haste
 g - 3 potions of enlightenment
 l - 2 potions of berserk rage
 t - 2 potions of attraction


   Skills:
 + Level 8.7 Fighting
 * Level 8.8 Maces & Flails
 * Level 7.2 Armour
 - Level 2.6 Dodging
 * Level 6.7 Evocations


You had 9 spell levels left.
You didn't know any spells.
Your spell library was empty.

Dungeon Overview and Level Annotations

Branches:
Dungeon (8/15)             Temple (0/1) D:5            Lair (0/5) D:8
Ossuary (visited)

Altars:

Shops:
D:2 :

Annotations:
D:8 Erica, Pikel


Innate Abilities, Weirdness & Mutations

You are too large for most types of armour.
You have a pair of small horns on your head.
You have tough skin. (AC +1)
You gain doubled healing and magic from potions.
Whenever you drink a healing potion, you attack all around you.
You are mostly covered in iridescent scales. (AC +4)


Message History

Something burns you.
* * * LOW HITPOINT WARNING * * *
You take a swig of the potion and twirl your +2 morningstar of freezing.
You barely miss the gnoll. You headbutt the gnoll.
The gnoll is moderately wounded.
You miss something.
You savour every drop.
You feel much better. The gnoll barely misses you.
The gnoll sergeant hits you from afar with a +0 spear!
The gnoll hits you with a +0 flail. Something hits you! Something burns you.
A red film seems to cover your vision as you go berserk!
You feel yourself moving faster!
You feel mighty!
The gnoll hits you but does no damage. x2
The gnoll sergeant hits you from afar with a +0 spear.
Something hits you!
* * * LOW HITPOINT WARNING * * *
Something burns you.
* * * LOW HITPOINT WARNING * * *
Pikel says, "I'm sure they'll be treated well, anyway."
A lemure comes into view.
The lemure shouts!
You puncture something! You freeze something. Your headbutt misses something.
The gnoll sergeant hits you from afar with a +0 spear.
* * * LOW HITPOINT WARNING * * *
The gnoll hits you but does no damage. The gnoll misses you.
Something hits you!
* * * LOW HITPOINT WARNING * * *
Something burns you.
* * * LOW HITPOINT WARNING * * *
You bludgeon something!! You freeze something! The gnoll sergeant misses you.
The gnoll hits you but does no damage. x2; Something hits you.
* * * LOW HITPOINT WARNING * * *
Something burns you.
* * * LOW HITPOINT WARNING * * *
You barely miss something.
Pikel says, "Hell isn't that bad."
Unknown command.
You closely miss something.
The gnoll sergeant hits you but does no damage.
The gnoll closely misses you. x2; Something hits you!
You die...

#.....#..#...###.#
##...###.#.......#
#.5.#.#.....#.#..# .#.
.#.#...#.....# ..
.......#5...########## .
.~.....K#.............#
..........#).#########.##
.......~.g#{.# #....#.#
.....###Kgg@.# #.##.#.#
..#. ####### #.##.#.#
#<##...# ########


You could see Pikel, a lemure, a gnoll sergeant and 2 gnolls.

Vanquished Creatures
  A meliai (D:6)
  A rime drake (D:8)
  Prince Ribbit (D:6)
  Grinder (D:6)
  A yak (D:5)
  2 steam dragons
  Duvessa (D:5)
  2 water moccasins
  4 sky beasts
  4 ice beasts
  A wolf (D:8)
  An ogre (D:5)
  2 centaurs
  A lemure (D:8)
  5 phantoms
  2 elf zombies (Ossuary)
  2 scorpions
  4 wights (D:7)
  Dowan (D:5)
  4 killer bees (D:6)
  2 human zombies (Ossuary)
  6 centaur zombies (Ossuary)
  3 hounds
  3 jellies
  2 orc priests
  A gnoll bouda (D:6)
  Jessica (D:2)
  3 iguanas (D:5)
  2 sleepcaps
  6 orc wizards
  A crocodile zombie (Ossuary)
  Robin (D:2)
  3 mummies (Ossuary)
  7 gnolls
  11 adders
  2 ufetubi (D:6)
  A dart slug (D:1)
  3 ribbon worms (D:3)
  22 orcs
  8 bats
  6 endoplasms
  2 giant cockroaches (D:1)
  24 goblins
  18 hobgoblins
  3 jackals (D:1)
  12 kobolds
  3 quokkas (D:5)
  5 ball pythons
  5 frilled lizards
  5 rats
212 creatures vanquished.

Notes
Turn   | Place    | Note
-------+----------+-------------------------------------------
     0 | D:1      | Gadfly the Oni Berserker began the quest for the Orb.
     0 | D:1      | Reached XP level 1. HP: 24/24 MP: 1/1
   111 | D:1      | Reached XP level 2. HP: 29/32 MP: 2/2
   277 | D:1      | Reached skill level 1 in Evocations
   277 | D:1      | Reached XP level 3. HP: 26/39 MP: 3/3
   284 | D:1      | Reached skill level 1 in Armour
   370 | D:1      | Found a faded altar of an unknown god.
   686 | D:1      | Reached ** piety under Trog
   791 | D:2      | Noticed Jessica
   798 | D:2      | Killed Jessica
   799 | D:2      | Reached XP level 4. HP: 42/49 MP: 4/4
   953 | D:2      | Found Ogry's Book Emporium.
  1020 | D:2      | Noticed Robin
  1023 | D:2      | Killed Robin
  1740 | D:3      | Noticed a phantom
  1750 | D:3      | Killed a phantom
  1751 | D:3      | Reached XP level 5. HP: 46/55 MP: 5/5
  2351 | D:3      | Reached XP level 6. HP: 64/65 MP: 6/6
  2393 | D:3      | Reached *** piety under Trog
  2566 | D:3      | Identified a scroll of acquirement
  2566 | D:3      | Acquired 775 gold pieces
  2736 | D:3      | Reached skill level 5 in Fighting
  3227 | D:4      | Reached XP level 7. HP: 39/72 MP: 7/7
  3416 | D:4      | Reached skill level 5 in Maces & Flails
  3744 | D:4      | Gained mutation: You are partially covered in iridescent
                  | scales. (AC +2) [potion of mutation]
  3744 | D:4      | Gained mutation: You are mostly covered in iridescent
                  | scales. (AC +4) [potion of mutation]
  3768 | D:5      | Entered Level 5 of the Dungeon
  3831 | D:5      | Found a staircase to the Ecumenical Temple.
  3875 | D:5      | Noticed Dowan
  3876 | D:5      | Noticed Duvessa
  3886 | D:5      | Killed Duvessa
  3888 | D:5      | Killed Dowan
  3924 | D:5      | Found a sand-covered staircase.
  4012 | Ossuary  | Entered an ossuary
  4123 | Ossuary  | Reached XP level 8. HP: 81/83 MP: 8/8
  4244 | Ossuary  | Reached **** piety under Trog
  5205 | D:5      | Noticed a yak
  5243 | D:5      | Killed a yak
  5244 | D:5      | Reached skill level 5 in Armour
  5427 | D:5      | Reached XP level 9. HP: 78/92 MP: 9/9
  5646 | D:6      | Reached skill level 5 in Evocations
  5684 | D:6      | Noticed Grinder
  5692 | D:6      | Paralysed by Grinder for 4 turns
  5699 | D:6      | Killed Grinder
  6335 | D:6      | Noticed Prince Ribbit
  6355 | D:6      | Killed Prince Ribbit
  6554 | D:6      | Noticed Jeremiah
  6561 | D:6      | Jeremiah changed into Jeremiah the meliai
  6561 | D:6      | Noticed Jeremiah
  6571 | D:6      | Killed Jeremiah the meliai
  6615 | D:6      | Reached XP level 10. HP: 27/104 MP: 10/10
  8328 | D:8      | Reached ***** piety under Trog
  8332 | D:8      | Found a staircase to the Lair.
  8348 | D:8      | Noticed Erica
  8476 | D:8      | Noticed Pikel
  8486 | D:8      | Slain by Erica

Illustrated notes

Levels and vault maps discovered:
D:1:      nagdon_arrival_zigzag_paths, layout_basic,
          hellmonk_ecumenical_altar_blasted
D:2:      layout_rooms, serial_shops, nicolae_shop_pleasant_corner_grove,
          minmay_cut_off, uniq_robin, uniq_jessica
D:3:      kb_forest_paths, layout_loops_ring, feat_on_display
D:4:      layout_cave_pools, kennysheep_small_circle
D:5:      kennysheep_big_flooded_room, layout_loops_ring,
          minmay_temple_entry_overgrown, nicolae_ossuary_entry_false_entrances,
          grunt_ministairs_5, uniq_duvessa
D:6:      layout_gridville, kennysheep_generic_room_4, uniq_grinder,
          uniq_jeremiah, uniq_prince_ribbit1
D:7:      layout_gridville
D:8:      layout_basic, mainiacjoe_overflow_big_doors, hellmonk_lair_entry_icy,
          uniq_pikel, uniq_erica, uniq_psyche

Skill      XL: |  1  2  3  4  5  6  7  8  9 10 |
---------------+-------------------------------+-----
Evocations     | 1 2 3 4 6 |  6.7
Armour         | 1 2 3 5 6 7 |  7.2
Maces & Flails | 4 5 6 8 |  8.8
Fighting       | 5 6 8 |  8.7
Dodging        | |  2.6

Action                     |  1- 3 |  4- 6 |  7- 9 | 10-12 || total
---------------------------+-------+-------+-------+-------++-------
  Melee: Mace              |    80 |   167 |       |       ||   247
         Headbutt          |    12 |    26 |    60 |    20 ||   118
         Flail             |       |    18 |   329 |    22 ||   369
         Punch             |       |     2 |     3 |       ||     5
         Morningstar       |       |       |       |    91 ||    91
 Invoke: Berserk           |     1 |     1 |     3 |     1 ||     6
  Evoke: Wand              |       |       |     3 |       ||     3
    Use: Scroll            |     2 |     6 |     6 |     1 ||    15
         Potion            |     1 |       |     6 |     1 ||     8
   Stab: Sleeping          |       |     1 |       |       ||     1
 Armour: Animal skin       |    63 |       |       |       ||    63
         Robe              |       |   192 |   185 |       ||   377
         Steam dragon scal |       |       |   115 |   112 ||   227
         Skin              |       |       |    26 |     5 ||    31
  Dodge: Dodged            |    40 |   121 |   203 |    64 ||   428
